Description

Archon Drop

Build Order

Get SALT Encoding   

  13  0:00  Probe  
  14  0:15  Pylon  
  16  0:41  Gateway  Scout after Gateway, If Rush respond accordingly
  17  0:57  Assimilator  
  20  1:25  Nexus  
  20  1:35  Cybernetics Core  
  21  1:47  Assimilator  
  22  1:53  Pylon  
  24  2:02  Adept  SCout with Adept
  27  2:30  Stargate  
  27  2:34  Stalker  
  32  2:44  Warp Gate  
  34  3:04  Oracle  1 Beam at oppent Base, Return to 3rd
  41  3:20  Gateway  
  41  3:25  Pylon  
  42  3:31  Robotics Facility  
  43  3:35  Assimilator x2  
  45  3:51  Twilight Council  
  47  4:05  Pylon, Gateway x2  
  48  4:10  Warp Prism  
  53  4:27  Templar Archives  
  55  4:30  Probe, Adept x2  Probe Cut, Send to Third
  57  4:50  Nexus, Pylon  Resume Probe Production
  57  5:00  Forge  
  59  5:10  High Templar x4  Into Archons, Harass
  67  5:15  Observer  
  67  5:25  Protoss Ground Weapons Level 1  
  70  5:28  Immortal  
  72  5:30  Gateway x2  
Spawning Tool Build Advisor. Get it on Overwolf

Go to:

Details

  • Created by: Oatmeal
  • Published on: Apr 09, 2020
  • Modified on: Apr 09, 2020
  • Patch: 4.11.0
Show
View Real Time Build Order
Export as new Build Order

Comments (0)

There are no comments. Be the first!

Create an account to comment!